 Dungeon Crawl Stone Soup version 0.18.1-8-gdd0e5ea (webtiles) character file.

254 deorigin the Chopper (level 5, -1/46 HPs)
             Began as a Deep Dwarf Fighter on May 23, 2016.
             Was a Believer of Pakellas.
             Slain by a gnoll
             ... wielding a +0 spear
              (3 damage)
             ... on level 4 of the Dungeon.
             The game lasted 00:07:15 (1935 turns).

deorigin the Chopper (Deep Dwarf Fighter)           Turns: 1935, Time: 00:07:16

Health: -1/46      AC:  6    Str: 19    XL:     5   Next: 91%
Magic:  5/5        EV:  5    Int:  9    God:    Pakellas [**....]
Gold:   174        SH:  9    Dex: 13    Spells: 0 memorised, 4 levels left

rFire  . . .     SeeInvis .     a - +0 war axe
rCold  . . .     Gourm    +     C - +0 chain mail
rNeg   . . .     Faith    .     c - +0 shield
rPois  .         Spirit   .     r - +1 helmet
rElec  .         Dismiss  .     (no cloak)
rCorr  .         Reflect  .     (no gloves)
SustAt .         Harm     .     (no boots)
MR     +....                    t - amulet of the gourmand (curse)
Stlth  ..........               u - -5 ring of protection (curse)
                                p - ring of protection from magic

@: non-regenerating, somewhat resistant to hostile enchantments, extremely
unstealthy
A: damage resistance, recharge devices, sense surroundings 1, slow regeneration
3
a: Device Recharging, Quick Charge, Renounce Religion


You were on level 4 of the Dungeon.
You worshipped Pakellas.
Pakellas was pleased with you.
You were not hungry.

You visited 1 branch of the dungeon, and saw 4 of its levels.

You collected 174 gold pieces.

Inventory:

Hand Weapons
 a - a +0 war axe (weapon)
Missiles
 x - 12 poisoned needles
Armour
 b - a +0 scale mail
 c - a +0 shield (worn)
 r - a +1 helmet (worn)
 C - a +0 chain mail (worn)
Jewellery
 g - an uncursed ring of ice
 j - an uncursed ring of see invisible
 l - an uncursed ring of magical power
 p - a ring of protection from magic (left hand)
 t - a cursed amulet of the gourmand (around neck)
 u - a cursed -5 ring of protection (right hand)
Wands
 e - a wand of heal wounds (3/9)
 y - a wand of random effects (10/48)
Scrolls
 s - a scroll of magic mapping
 v - a scroll of fog {unknown}
 w - a scroll of enchant armour {unknown}
 A - a scroll of enchant weapon {unknown}
 B - a scroll of remove curse {unknown}
 E - a scroll of identify
Potions
 d - a potion of might
 h - 2 potions of invisibility
 i - a potion of ambrosia
 k - a potion of magic {unknown}
 m - a potion of brilliance {unknown}
 n - a potion of mutation {unknown}
 z - a potion of curing {unknown}
 D - a potion of flight {unknown}
 G - a potion of lignification {unknown}
Miscellaneous
 F - a box of beasts
Comestibles
 f - 4 bread rations
 o - a beef jerky
 q - 4 meat rations


   Skills:
 - Level 2.6 Fighting
 + Level 6.9 Axes
 - Level 3.2 Armour
 - Level 3.2 Shields


You had 4 spell levels left.
You didn't know any spells.

Dungeon Overview and Level Annotations

Branches:
Dungeon (4/15)
 Temple: D:4-7

Altars:
Pakellas


Innate Abilities, Weirdness & Mutations

You are resistant to damage.
You can recharge devices by infusing magical energy.
You passively map a small area around you.
You do not regenerate naturally.


Message History

You closely miss the gnoll.
The gnoll is lightly wounded.
The gnoll hits you. The gnoll hits you but does no damage. The gnoll hits you.
* * * LOW HITPOINT WARNING * * *
You hit the gnoll.
The gnoll is lightly wounded.
The phantom blinks!
The gnoll completely misses you. The gnoll hits you but does no damage.
You slash the gnoll!
You kill the gnoll!
Pakellas accepts your kill. The gnoll hits you but does no damage.
The giant cockroach bites you but does no damage.
You barely miss the giant cockroach.
The gnoll hits you from afar with a spear!
* * * LOW HITPOINT WARNING * * *
The giant cockroach bites you.
The gnoll hits you from afar with a spear.
You die...
Pakellas says: That's one more possible approach eliminated.

#.# * ..................#.
#.#######..................
.....................W.....
#.....##..#.####.#...#.....
#.###.##............/......
, ..#
#.###.#.............##.
#.###.# #.#.####gg...##.#
......# #.#.# #s###.#*.#
####### #.#.# #@# *...,# ,
* #.#......# *.##.#* #####
*.######## *.# # , ,, .....
, , ##### * *


You could see a phantom, 2 gnolls and a giant cockroach.

Vanquished Creatures
  A hound (D:4)
  2 orc wizards (D:4)
  A gnoll (D:4)
  6 adders
  2 oozes (D:3)
  An adder skeleton (D:4)
  3 worms
  A dart slug (D:1)
  2 giant geckos (D:3)
  5 orcs
  5 giant cockroaches
  8 goblins
  7 hobgoblins
  3 jackals (D:2)
  10 kobolds
  A quokka (D:3)
  A ball python (D:4)
  10 bats
  A giant newt (D:3)
  11 rats
81 creatures vanquished.

Notes
Turn   | Place    | Note
--------------------------------------------------------------
     0 | D:1      | deorigin the Deep Dwarf Fighter began the quest for the Orb.
     0 | D:1      | Reached XP level 1. HP: 20/20 MP: 1/1
   153 | D:1      | Reached skill level 3 in Axes
   157 | D:1      | Reached XP level 2. HP: 22/27 MP: 2/2
   645 | D:2      | Reached XP level 3. HP: 24/33 MP: 3/3
   647 | D:2      | Reached skill level 4 in Axes
   715 | D:2      | Found an oddly glowing altar of Pakellas.
   727 | D:2      | Became a worshipper of Pakellas the Inventive
  1013 | D:3      | Found a faded altar to an unknown god.
  1041 | D:3      | Reached XP level 4. HP: 13/40 MP: 4/4
  1098 | D:3      | Reached * piety under Pakellas
  1098 | D:3      | Received a gift from Pakellas
  1113 | D:3      | Reached skill level 5 in Axes
  1669 | D:4      | Reached ** piety under Pakellas
  1669 | D:4      | Received a gift from Pakellas
  1669 | D:4      | Reached skill level 6 in Axes
  1669 | D:4      | Reached XP level 5. HP: 30/46 MP: 5/5
  1919 | D:4      | Noticed a phantom
  1935 | D:4      | HP: 2/46 [gnoll/spear (9)]
  1935 | D:4      | Slain by a gnoll

Skill      XL: |  1  2  3  4 |
---------------+-------------+-----
Axes           | 3 4 6 |  6.9
Fighting       | |  2.6
Armour         | |  3.2
Shields        | |  3.2

Action                   |  1- 3 |  4- 6 || total
-------------------------+-------+-------++-------
Melee: War axe           |   104 |   107 ||   211
Evoke: Wand              |       |     2 ||     2
  Use: Scroll            |     4 |       ||     4
  Eat: Chunk             |     2 |     4 ||     6
Armor: Scale mail        |    71 |     3 ||    74
       Chain mail        |       |    53 ||    53
Dodge: Dodged            |    32 |    35 ||    67
Block: Shield            |    62 |    39 ||   101
